 Dungeon Crawl Stone Soup version 0.26-a0-307-g4e7fcc93f0 (webtiles) character file.

Game seed: 9126082993236323878

5968 BritishOli the Fighter (level 10, -2/82 HPs)
             Began as a Demonspawn Fighter on July 15, 2020.
             Was a Priest of Okawaru.
             Killed from afar by an orc sorcerer (13 damage)
             ... with a bolt of fire
             ... on level 9 of the Dungeon.
             The game lasted 00:16:18 (9750 turns).

BritishOli the Fighter (Demonspawn Fighter)         Turns: 9750, Time: 00:16:20

Health: -2/82      AC: 15    Str: 19    XL:     10   Next: 55%
Magic:  10/10      EV:  9    Int: 11    God:    Okawaru [***...]
Gold:   444        SH: 21    Dex: 12    Spells: 9/9 levels left

rFire    . . .     SeeInvis +   x - +1 scimitar
rCold    . . .     Faith    .   E - +0 kite shield (curse)
rNeg     . . .     Spirit   .   y - +0 acid dragon scales
rPois    +         Reflect  +   u - +1 hat
rElec    .         Harm     .   c - +2 cloak {MR+}
rCorr    +                      (no gloves)
MR       +....                  N - +2 pair of boots
Stlth    +.........             H - amulet of reflection
HPRegen  0.23/turn              z - ring of poison resistance
MPRegen  0.12/turn              r - ring of see invisible

@: heavily drained
A: large bone plates 2, demonic guardian 1, powered by death 2
a: Heroism, Renounce Religion


You were on level 9 of the Dungeon.
You worshipped Okawaru.
Okawaru was most pleased with you.
You visited 2 branches of the dungeon, and saw 11 of its levels.

You collected 637 gold pieces.
You spent 193 gold pieces at shops.

Inventory:

Hand Weapons
 a - a +0 long sword
 x - a +1 scimitar (weapon)
Missiles
 D - 2 boomerangs (quivered)
Armour
 c - a +2 cloak of magic resistance (worn)
 f - the +3 leather armour "Usisauxu" {rC++ MR-}
   (You found it on level 5 of the Dungeon)

   It greatly protects you from cold.
   It affects your resistance to hostile enchantments.
 u - a +1 hat (worn)
 w - the +2 leather armour "Cyusodut" {rC+ Str-4 Dex+5}
   (You found it on level 6 of the Dungeon)

   It affects your strength (-4).
   It affects your dexterity (+5).
   It protects you from cold.
 y - +0 acid dragon scales (worn)
 E - a cursed +0 kite shield (worn)
 F - a scarf of invisibility
 G - a scarf of repulsion
 N - a +2 pair of boots (worn)
Jewellery
 o - an uncursed ring of ice
 r - a ring of see invisible (right hand)
 z - a ring of poison resistance (left hand)
 H - an amulet of reflection (around neck)
 I - an uncursed ring of resist corrosion {unknown}
 M - an uncursed ring of protection from magic {unknown}
Wands
 C - a wand of flame (4)
Scrolls
 b - 8 scrolls of identify
 d - 4 scrolls of blinking
 e - 6 scrolls of magic mapping
 i - a scroll of fear
 j - 3 scrolls of remove curse {unknown}
 k - 6 scrolls of teleportation
 v - 4 scrolls of amnesia
 A - 2 scrolls of immolation {unknown}
 K - a scroll of holy word {unknown}
 L - a scroll of random uselessness {unknown}
Potions
 g - a potion of degeneration {unknown}
 h - a potion of curing
 l - 4 potions of flight
 m - 5 potions of mutation
 n - 3 potions of cancellation {unknown}
 p - 2 potions of invisibility {unknown}
 q - a potion of brilliance
 s - 2 potions of lignification {unknown}
 t - 4 potions of haste
 B - 4 potions of heal wounds
 J - a potion of stabbing {unknown}


   Skills:
 + Level 8.7(7.0) Fighting
 + Level 7.5(5.9) Long Blades
 + Level 7.8(6.2) Armour
 + Level 7.8(6.2) Shields


You had 9 spell levels left.
You didn't know any spells.
Your spell library contained the following spells:

 Spells                   Type           Power        Failure   Level
 Shock                    Conj/Air       #...         80%         1
 Swiftness                Chrm/Air       #.......     91%         2
 Static Discharge         Conj/Air       #.......     99%         3
 Airstrike                Air            #.........   100%        4
 Lightning Bolt           Conj/Air       #.........   100%        5


Dungeon Overview and Level Annotations

Branches:
Dungeon (10/15)            Temple (1/1) D:7            Lair (0/6) D:8
    Orc: D:9-12

Altars:
Ashenzari
Cheibriados
Dithmenos
Elyvilon
Fedhas
Gozag
Hepliaklqana
Kikubaaqudgha
Makhleb
Nemelex Xobeh
Okawaru
Qazlal
Ru
Sif Muna
Trog
Uskayaw
Vehumet
Wu Jian
Xom
Yredelemnul
Zin
The Shining One

Shops:
D:4 [   D:7 **[

Annotations:
D:6 exclusion: oklob plant


Innate Abilities, Weirdness & Mutations

You are mostly covered in large bone plates. (SH +6)
A weak demonic guardian rushes to your aid.
You regenerate health from kills.


Message History

You closely miss the orc sorcerer.
The orc sorcerer is heavily wounded.
You block the orc sorcerer's attack.
Your iron imp hits the orc sorcerer.
You slash the orc sorcerer!
The orc sorcerer is almost dead.
You block the orc sorcerer's attack.
Your iron imp misses the orc sorcerer.
You barely miss the orc sorcerer.
The orc sorcerer is almost dead.
The orc sorcerer points at you and mumbles some strange words.
The bolt of fire hits you!
* * * LOW HITPOINT WARNING * * *
Your iron imp barely misses the orc sorcerer.
You closely miss the orc sorcerer.
The orc sorcerer is almost dead.
The orc sorcerer hits you with a +0 falchion.
* * * LOW HITPOINT WARNING * * *
Your iron imp closely misses the orc sorcerer.
The orc sorcerer casts a spell at you. The bolt of fire hits you!
You die...

.....##### #.....'.....##.....#
#'#### #..†..#####....#.### #.#
###'### ####§#.... #.# #.###
###.### #.# #...### #...# #.#
###...# ########'# #.#
#########'###......... #.#####
#..........##.....†...
......######....@o..........(....
...........'.....5....#..........
......######..........##.........
......# #..........##.........
##.#### ###+#########.........
#..# #.# #......... #.## #.#
#######+## ..# #.# #..# #######
#.# #####'###


You could see an orc sorcerer and a friendly iron imp (summoned).

Vanquished Creatures
  A deep elf annihilator (D:10)
  2 two-headed ogres (D:9)
  Maggie (D:6)
  2 hippogriffs
  2 humans (D:8)
  Menkaure (D:7)
  An ice beast (D:6)
  3 black bears
  A sky beast (D:7)
  A hornet zombie (D:6)
  2 necrophages (D:9)
  3 ogres
  A phantom (D:6)
  2 centaurs
  2 big kobolds
  2 bullfrogs
  A wyvern skeleton (D:6)
  A scorpion (D:7)
  2 howler monkeys (D:10)
  3 wights (D:6)
  3 hounds
  2 jellies
  4 orc priests
  Crazy Yiuf (D:7)
  A bullfrog skeleton (D:4)
  4 iguanas
  5 worker ants
  15 orc wizards
  A worker ant zombie (D:6)
  3 gnolls (D:4)
  A howler monkey skeleton (D:5)
  5 adders
  2 shadow imps (D:9)
  3 white imps
  An ufetubus (D:3)
  2 oozes
  2 adder skeletons
  4 worms
  A dart slug (D:4)
  4 leopard geckos
  30 orcs
  3 bats
  A giant cockroach (D:1)
  7 goblins
  3 hobgoblins
  14 jackals
  12 kobolds
  2 quokkas
  2 leopard gecko skeletons
  A quokka skeleton (D:6)
  A quokka zombie (D:9)
  5 rats
179 creatures vanquished.

Vanquished Creatures (collateral kills)
  Prince Ribbit (D:7)
  An ogre (D:4)
  A centaur (D:8)
  A bullfrog (D:6)
  A scorpion (D:6)
  A jelly (D:7)
  2 orc priests
  An orc wizard (D:8)
  A worker ant (D:4)
  2 hound skeletons
  An adder (D:4)
  A leopard gecko (D:7)
  3 orcs
  A jackal (D:6)
  A kobold (D:8)
19 creatures vanquished.

Grand Total: 198 creatures vanquished

Notes
Turn   | Place    | Note
-------+----------+-------------------------------------------
     0 | D:1      | BritishOli the Demonspawn Fighter began the quest for the
                  | Orb.
     0 | D:1      | Reached XP level 1. HP: 18/18 MP: 1/1
   323 | D:1      | Gained mutation: You regenerate a little health from kills.
                  | [demonic ancestry]
   323 | D:1      | Reached XP level 2. HP: 21/24 MP: 2/2
  1167 | D:2      | Gained mutation: You are partially covered in large bone
                  | plates. (SH +4) [demonic ancestry]
  1167 | D:2      | Reached XP level 3. HP: 23/29 MP: 3/3
  2011 | D:3      | You fall into a shaft and drop 3 floors!
  2016 | D:6      | Noticed a phantom
  2066 | D:6      | Reached XP level 4. HP: 13/37 MP: 4/4
  2092 | D:6      | Killed a phantom
  2092 | D:6      | Reached skill level 4 in Fighting
  2092 | D:6      | Gained mutation: A weak demonic guardian rushes to your
                  | aid. [demonic ancestry]
  2092 | D:6      | Reached XP level 5. HP: 9/42 MP: 5/5
  2376 | D:6      | Noticed an ice beast
  2432 | D:6      | Killed an ice beast
  2432 | D:6      | Reached XP level 6. HP: 32/48 MP: 6/6
  2586 | D:5      | Entered Level 5 of the Dungeon
  3175 | D:4      | Gained mutation: You are mostly covered in large bone
                  | plates. (SH +6) [demonic ancestry]
  3175 | D:4      | Reached XP level 7. HP: 40/55 MP: 7/7
  3544 | D:4      | Reached skill level 5 in Fighting
  4061 | D:4      | Found Socigol's Antique Armour Boutique.
  4565 | D:5      | Found a sparkling altar of Nemelex Xobeh.
  4607 | D:5      | Got a smoking leather armour
  4637 | D:5      | Identified the +3 leather armour "Usisauxu" {rC++ MR-} (You
                  | found it on level 5 of the Dungeon)
  5235 | D:6      | Found a radiant altar of Vehumet.
  5240 | D:6      | Got a smoking leather armour
  5255 | D:6      | Reached skill level 5 in Armour
  5255 | D:6      | Reached skill level 5 in Shields
  5268 | D:6      | Identified the +2 leather armour "Cyusodut" {rC+ Str-4
                  | Dex+5} (You found it on level 6 of the Dungeon)
  5392 | D:6      | Noticed an oklob plant
  5398 | D:6      | Reached XP level 8. HP: 60/63 MP: 8/8
  5920 | D:6      | Noticed Maggie
  5933 | D:6      | Killed Maggie
  6281 | D:6      | Reached skill level 6 in Fighting
  6284 | D:6      | Reached skill level 5 in Long Blades
  6631 | D:7      | Noticed Prince Ribbit
  6760 | D:7      | Noticed Menkaure
  6766 | D:7      | Killed Menkaure
  6775 | D:7      | Killed Prince Ribbit
  6778 | D:7      | Found a staircase to the Ecumenical Temple.
  6788 | Temple   | Entered the Ecumenical Temple
  7074 | D:7      | Found Goazuule's Armour Shoppe.
  7154 | D:7      | Reached XP level 9. HP: 71/71 MP: 9/9
  7181 | D:7      | Found Yxtiwi's General Store.
  7335 | D:7      | Bought a scroll of blinking for 97 gold pieces
  7335 | D:7      | Bought a scroll of identify for 26 gold pieces
  7622 | D:7      | Found Qiakhluo's General Store.
  7630 | D:7      | Bought a potion of heal wounds for 70 gold pieces
  7697 | D:7      | Found a runed translucent door.
  7698 | D:7      | Noticed Crazy Yiuf
  7723 | D:7      | Killed Crazy Yiuf
  7723 | D:7      | Reached skill level 7 in Fighting
  7982 | D:8      | Found a staircase to the Lair.
  8260 | D:8      | Found an iron altar of Okawaru.
  8266 | D:8      | Became a worshipper of Warmaster Okawaru
  8801 | D:9      | Reached * piety under Okawaru
  9055 | D:9      | Noticed a two-headed ogre
  9064 | D:9      | Killed a two-headed ogre
  9064 | D:9      | Reached ** piety under Okawaru
  9064 | D:9      | Reached skill level 8 in Fighting
  9064 | D:9      | Gained mutation: You regenerate health from kills. [demonic
                  | ancestry]
  9064 | D:9      | Reached XP level 10. HP: 67/80 MP: 10/10
  9236 | D:9      | Noticed a two-headed ogre
  9257 | D:9      | Killed a two-headed ogre
  9670 | D:10     | Entered Level 10 of the Dungeon
  9697 | D:10     | Reached *** piety under Okawaru
  9701 | D:10     | Noticed a deep elf annihilator
  9707 | D:10     | Noticed an orc sorcerer
  9712 | D:10     | Noticed a rust devil
  9713 | D:10     | Killed a deep elf annihilator
  9750 | D:9      | Killed from afar by an orc sorcerer

Illustrated notes

Levels and vault maps discovered:
D:1:      minmay_arrival_four_circles, layout_loops_ring,
          chequers_serial_rivers_room_b, minmay_tripent
D:2:      layout_rooms
D:3:      layout_rooms
D:4:      layout_basic, serial_shops, nicolae_shop_competitors_out_of_business,
          chequers_serial_rivers_small_b, minmay_misc_feat_rugged,
          minmay_a_box_with_orc_wizards_in_it
D:5:      wad_lake_hut, layout_cave_pods, minmay_misc_feat_tower,
          nemelex_diamond_rough_becter
D:6:      layout_basic, lemuel_oklob_altar, uniq_maggie
D:7:      layout_basic, minmay_temple_entry_waves, serial_shops,
          nicolae_shop_stone, shop, shop_fountains, uniq_prince_ribbit1,
          uniq_menkaure, uniq_crazy_yiuf_cottage
D:8:      layout_cave_pools, okawaru_humans, lair_entry_dummy
D:9:      layout_roguey
D:10:     cheibrodos_wizards_tower, layout_rooms, ebering_ghost_inner_flame,
          nemelex_altar_shiori
Temple:   roderic_octagonal_lattice_temple

Skill      XL: |  1  2  3  4  5  6  7  8  9 10 |
---------------+-------------------------------+-----
Long Blades    | 2 3 4 5 6 7 |  7.5
Armour         | 3 4 5 6 7 |  7.8
Shields        | 3 4 5 6 7 |  7.8
Fighting       | 4 5 6 8 |  8.7

Action                   |  1- 3 |  4- 6 |  7- 9 | 10-12 || total
-------------------------+-------+-------+-------+-------++-------
Melee: Long sword        |   173 |   114 |   173 |       ||   460
       Scimitar          |       |       |   395 |    96 ||   491
  Use: Scroll            |       |     9 |     1 |       ||    10
       Potion            |       |     2 |     1 |       ||     3
 Stab: Distracted        |       |     2 |     4 |       ||     6
Armor: Scale mail        |    97 |    27 |    60 |       ||   184
       Acid dragon scale |       |       |   108 |    16 ||   124
Dodge: Dodged            |    71 |    24 |   149 |    14 ||   258
       Repelled          |       |       |     3 |       ||     3
Block: Kite shield       |   125 |    76 |   527 |   115 ||   843
       Reflection        |       |       |       |     2 ||     2
       Rpst.: Long sword |    17 |     6 |    19 |       ||    42
       Scimitar          |       |       |    36 |     4 ||    40

Table legend:
 A = Non-vault XP
 B = Vault XP
 C = Vault XP percentage of total XP
 D = Non-vault monster count
 E = Vault monster count
 F = Vault count percentage of total count
                 A         B        C        D         E       F
            +---------+---------+-------+---------+---------+-------
      Total |    6161 |    2365 |  27.7 |     184 |      14 |   7.1
            +---------+---------+-------+---------+---------+-------
        D:1 |      22 |       4 |  15.4 |      11 |       2 |  15.4
        D:2 |      47 |       0 |   0.0 |      12 |       0 |   0.0
        D:3 |      68 |       0 |   0.0 |      11 |       0 |   0.0
        D:4 |     451 |     164 |  26.7 |      29 |       5 |  14.7
        D:5 |     206 |       0 |   0.0 |      12 |       0 |   0.0
        D:6 |    1006 |     298 |  22.9 |      27 |       1 |   3.6
        D:7 |     972 |     407 |  29.5 |      28 |       3 |   9.7
        D:8 |     661 |     351 |  34.7 |      24 |       2 |   7.7
        D:9 |    2603 |       0 |   0.0 |      27 |       0 |   0.0
       D:10 |     125 |    1141 |  90.1 |       3 |       1 |  25.0
            +---------+---------+-------+---------+---------+-------
